 Dungeon Crawl Stone Soup version 0.24.0-1-gfbc8707122 (webtiles) character file.

Game seed: 12074764311225177781, levelgen mode: deterministic

220 IceCat the Ruffian (level 5, -6/42 HPs)
             Began as a Draconian Transmuter on Oct 26, 2019.
             Mangled by an iguana (12 damage)
             ... on level 4 of the Dungeon.
             The game lasted 00:17:12 (3140 turns).

IceCat the Ruffian (Draconian Transmuter)           Turns: 3140, Time: 00:17:13

Health: -6/42      AC: 10    Str: 14    XL:     5   Next: 64%
Magic:  9/9        EV: 13    Int: 13    God:
Gold:   130        SH:  0    Dex: 14    Spells: 6/9 levels left

rFire    . . .     SeeInvis +     - Unarmed
rCold    . . .     Gourm    .   (no shield)
rNeg     . . .     Faith    .   (armour unavailable)
rPois    .         Spirit   .   (helmet restricted)
rElec    .         Reflect  .   n - +1 cloak
rCorr    .         Harm     .   (no gloves)
MR       .....                  d - +2 pair of boots
Stlth    +.........             (no amulet)
HPRegen  0.14/turn              i - ring of see invisible
MPRegen  0.11/turn              l - +3 ring of dexterity

@: appendage
A: unfitting armour, horns 2, cold-blooded, AC +5
a: End Transformation


You were on level 4 of the Dungeon.
You were not hungry.
You had grown temporary horns.
You visited 1 branch of the dungeon, and saw 4 of its levels.

You collected 130 gold pieces.

Inventory:

Missiles
 a - 53 arrows
 j - a throwing net (quivered)
Armour
 d - a +2 pair of boots (worn)
 f - a scarf of repulsion
 n - a +1 cloak (worn)
Jewellery
 i - a ring of see invisible (left hand)
 l - a +3 ring of dexterity (right hand)
Scrolls
 e - 3 scrolls of remove curse {unknown}
 g - 3 scrolls of identify {unknown}
 k - a scroll of blinking {unknown}
 m - a scroll of immolation {unknown}
Potions
 b - 2 potions of cancellation {unknown}
 h - a potion of ambrosia {unknown}
 p - a potion of lignification {unknown}
 q - 2 potions of curing {unknown}
Comestibles
 c - 8 rations
 o - 3 chunks of flesh


   Skills:
 + Level 2.7 Fighting
 + Level 2.8 Dodging
 + Level 4.1 Unarmed Combat
 + Level 2.9 Spellcasting
 + Level 3.1 Transmutations


You had 6 spell levels left.
You knew the following spells:

 Your Spells              Type           Power        Failure   Level  Hunger
a - Beastly Appendage     Tmut           #.....       6%          1    #......
b - Sticks to Snakes      Tmut           #.......     10%         2    ###....

Your spell library contained the following spells:

 Spells                   Type           Power        Failure   Level  Hunger
 Confusing Touch          Hex            #.....       24%         1    #......
 Spider Form              Tmut/Pois      #.........   36%         3    ###....
 Confuse                  Hex            #.......     56%         3    ###....
 Gell's Gravitas          Tloc           #.........   56%         3    ###....
 Ice Form                 Ice/Tmut       #.......     77%         4    #####..
 Petrify                  Tmut/Erth      #.......     77%         4    #####..
 Blade Hands              Tmut           #.........   87%         5    ######.
 Yara's Violent Unravell  Hex/Tmut       #.........   98%         5    ######.
 Metabolic Englaciation   Hex/Ice        #.........   100%        5    ######.


Dungeon Overview and Level Annotations

Branches:
Dungeon (4/15)
 Temple: D:4-7

Altars:
Hepliaklqana
Makhleb
Trog
Xom


Innate Abilities, Weirdness & Mutations

Your plain brown scales are hard. (AC +5)
You cannot fit into any form of body armour.
You are cold-blooded and may be slowed by cold attacks.
You have a pair of horns on your head.


Message History

The orc closely misses you.
Unknown command.
You hit the orc priest.
The orc priest is heavily wounded.
The orc priest closely misses you. The orc hits you with a +0 hand axe.
The orc hits you with a +2 vampiric war axe!
Unknown command.
You punch the orc priest!
The orc priest is almost dead.
The orc priest hits you but does no damage.
You closely miss the orc priest.
The orc priest is almost dead.
The orc hits you but does no damage.
The orc hits you with a +2 vampiric war axe!
* * * LOW HITPOINT WARNING * * *
The orc priest barely misses you.
You hit the orc priest.
You kill the orc priest!
The orc closely misses you. x2; The iguana bites you!
You die...

.).. .. .. ...#
#.#.......# .#....
...###.#.......##.#..?
.#.##..##............
##..##.#..(.........# ..
....##........Z.....##...
.......#............#....
.......#.......o)l.......
..##..†........o@........
..#...#..###..#)........#
#....###.#.##.#.........#
#.####..)..........$...#
####..##...(......)....#
##...........#....#.....
#............##<..#.....
#........#..####### ....
####.#..##### ..


You could see an iguana, 2 orcs and a howler monkey skeleton.

Vanquished Creatures
  An orc priest (D:4)
  Ijyb (D:3)
  An orc wizard (D:3)
  A worker ant (D:2)
  4 adders
  2 adder zombies (D:1)
  3 worms
  A dart slug (D:2)
  A leopard gecko (D:4)
  5 orcs
  7 bats
  7 giant cockroaches
  2 goblins (D:1)
  4 hobgoblins
  10 jackals
  4 kobolds
  A quokka (D:4)
  5 frilled lizards
  A leopard gecko skeleton (D:4)
  A rat (D:1)
62 creatures vanquished.

Notes
Turn   | Place    | Note
-------+----------+-------------------------------------------
     0 | D:1      | IceCat the Draconian Transmuter began the quest for the
                  | Orb.
     0 | D:1      | Reached XP level 1. HP: 16/16 MP: 3/3
    41 | D:1      | Reached XP level 2. HP: 11/23 MP: 5/5
  1011 | D:1      | Reached XP level 3. HP: 22/28 MP: 6/6
  1348 | D:2      | Found a shimmering altar of Xom.
  1541 | D:2      | Reached XP level 4. HP: 35/36 MP: 5/7
  1787 | D:2      | Found a hazy altar of Hepliaklqana.
  1922 | D:2      | Found a burning altar of Makhleb.
  1995 | D:3      | Noticed Ijyb
  2216 | D:3      | Learned a level 2 spell: Sticks to Snakes
  2603 | D:3      | Reached XP level 5. HP: 35/42 MP: 7/9
  2635 | D:3      | Killed Ijyb
  2635 | D:3      | Reached skill level 4 in Unarmed Combat
  2787 | D:3      | Found a bloodstained altar of Trog.
  3140 | D:4      | Mangled by an iguana

Levels and vault maps discovered:
D:1:      saegor_arrival_fortress, layout_loops_ring
D:2:      layout_basic, old_standard_altar, lightli_temple_of_fire,
          nicolae_overflow_crystal_walls, first_ration
D:3:      layout_loops_ring, bloody_trog, uniq_ijyb
D:4:      layout_cave_pools

Skill      XL: |  1  2  3  4  5 |
---------------+----------------+-----
Dodging        | 2 |  2.8
Fighting       | 2 |  2.7
Unarmed Combat | 4 |  4.1
Transmutations | 3 |  3.1
Spellcasting   | |  2.9

Action                   |  1- 3 |  4- 6 || total
-------------------------+-------+-------++-------
Melee: Unarmed           |   140 |   142 ||   282
       Tailslap          |    13 |    11 ||    24
       Punch             |     1 |       ||     1
       Headbutt          |     4 |    24 ||    28
 Cast: Beastly Appendage |     5 |    17 ||    22
       Sticks to Snakes  |       |     3 ||     3
 Stab: Distracted        |       |     1 ||     1
  Eat: Chunk             |     2 |     6 ||     8
Armor: Skin              |    65 |    42 ||   107
Dodge: Dodged            |   112 |    80 ||   192
       Deflected         |       |     3 ||     3
